 Dungeon Crawl Stone Soup version 0.21-a0-632-g1e37ce5 (webtiles) character file.

108 TheGoonsmith the Magician (level 4, -1/30 HPs)
             Began as a Demonspawn Wizard on Dec 27, 2017.
             Slain by Grinder (10 damage)
             ... on level 3 of the Dungeon.
             The game lasted 00:04:02 (3006 turns).

TheGoonsmith the Magician (Demonspawn Wizard)       Turns: 3006, Time: 00:04:03

Health: -1/30      AC:  2    Str:  7    XL:     4   Next: 58%
Magic:  0/9        EV: 14    Int: 19    God:
Gold:   134        SH:  0    Dex: 13    Spells: 4/10 levels left

rFire    . . .     SeeInvis .   r - +0 quarterstaff
rCold    . . .     Gourm    .   (shield currently unavailable)
rNeg     . . .     Faith    .   a - +0 robe
rPois    .         Spirit   .   b - +0 hat
rElec    .         Reflect  .   (no cloak)
rCorr    .         Harm     .   (no gloves)
MR       .....                  (no boots)
Stlth    ++........             (no amulet)
HPRegen  0.10/turn              (no ring)
MPRegen  0.11/turn              (no ring)

@: no status effects
A: antennae 1, repulsion field 1
a: no special abilities


You were on level 3 of the Dungeon.
You were not hungry.

You visited 1 branch of the dungeon, and saw 3 of its levels.

You collected 134 gold pieces.

Inventory:

Hand Weapons
 e - a +0 dagger
 r - a +0 quarterstaff (weapon)
Armour
 a - a +0 robe (worn)
 b - a +0 hat (worn)
Jewellery
 p - a cursed -5 ring of slaying {unknown}
 q - a +4 ring of evasion {unknown}
Scrolls
 g - 3 scrolls of identify {unknown}
 h - 2 scrolls of amnesia {unknown}
 j - 3 scrolls of remove curse {unknown}
 n - 3 scrolls of teleportation {unknown}
 o - a scroll of fear {unknown}
 t - a scroll of immolation {unknown}
Potions
 f - a potion of haste {unknown}
 i - 2 potions of invisibility {unknown}
 k - 5 potions of agility
 l - a potion of might {unknown}
 m - 2 potions of curing
 u - a potion of ambrosia {unknown}
Books
 c - a book of Minor Magic

   Spells                             Type                      Level
   a - Magic Dart                     Conjuration                  1
   b - Blink                          Translocation                2
   c - Call Imp                       Summoning                    2
   d - Slow                           Hexes                        2
   e - Conjure Flame                  Conjuration/Fire             3
   f - Mephitic Cloud                 Conjuration/Poison/Air       3
Comestibles
 d - 5 rations
 s - a chunk of flesh


   Skills:
 - Level 1.7 Dodging
 - Level 1.7 Stealth
 + Level 3.7 Spellcasting
 * Level 3.7 Conjurations
   Level 1.0 Summonings
 - Level 0.8 Translocations


You had 4 spell levels left.
You knew the following spells:

 Your Spells              Type           Power        Failure   Level  Hunger
a - Magic Dart            Conj           ###.         3%          1    None
e - Blink                 Tloc           N/A          16%         2    ##.....
x - Mephitic Cloud        Conj/Pois/Air  #.......     26%         3    ###....


Dungeon Overview and Level Annotations

Branches:
Dungeon (3/15)

Altars:

Annotations:
D:3 Caerwyn's ghost, amateur DsIE; Grinder; Purgy


Innate Abilities, Weirdness & Mutations

You have a pair of small antennae on your head.
You are surrounded by a mild repulsion field. (EV +2)


Message History

Confirm with . or Enter, or press ? or * to list all spells.
You don't have enough magic to cast that spell.
Grinder blinks!
Grinder gestures at you. Pain shoots through your body!
Grinder gestures at you.
You barely resist. Grinder hits you!
You writhe in agony.
You are too injured to fight recklessly!
You are too injured to fight recklessly!
You barely miss Grinder.
Grinder is almost dead.
Grinder hits you.
* * * LOW HITPOINT WARNING * * *
You writhe in agony.
* * * LOW HITPOINT WARNING * * *
It was a potion of curing.
You feel better.
Grinder says, "Wait up."
Grinder hits you!
You die...

...............#
.............###
.........###.# #####
....#...## #.# #...#
W....).#####.######...#...
.........................!.
....########.#........#....
.... ####...#...........
...# #.......@#....#....
... ##......5##.........
##. #..............#....
..........#....#####
............##..#
#....###(.### #.# #....
#..#####)# ♣.P. #........#
### ♣. #........#...


You could see Grinder.

Vanquished Creatures
  2 adders
  3 worms (D:2)
  A dart slug (D:2)
  3 leopard geckos
  5 orcs (D:3)
  3 ball pythons
  13 giant cockroaches
  8 goblins
  7 hobgoblins
  2 jackals (D:3)
  5 bats
  A frilled lizard (D:3)
  7 kobolds
  6 rats
66 creatures vanquished.

Notes
Turn   | Place    | Note
-------+----------+-------------------------------------------
     0 | D:1      | TheGoonsmith the Demonspawn Wizard began the quest for the Orb.
     0 | D:1      | Reached XP level 1. HP: 13/13 MP: 4/4
   426 | D:1      | Gained mutation: You are surrounded by a mild repulsion field. (EV +2) [demonic ancestry]
   426 | D:1      | Reached XP level 2. HP: 19/19 MP: 3/6
   987 | D:2      | Gained mutation: You have a pair of small antennae on your head. [demonic ancestry]
   987 | D:2      | Reached XP level 3. HP: 10/24 MP: 0/7
  1129 | D:2      | Learned a level 2 spell: Blink
  1133 | D:2      | Learned a level 3 spell: Mephitic Cloud
  2045 | D:2      | Reached XP level 4. HP: 30/30 MP: 0/9
  2308 | D:3      | Noticed Caerwyn's ghost (amateur DsIE)
  2456 | D:3      | Noticed Purgy
  2989 | D:3      | Noticed Grinder
  3006 | D:3      | Slain by Grinder

Vault maps used:
D:1:      dpeg_arrival_shelter, glass_columns_a
D:2:      minmay_roachtagon
D:3:      first_ration, uniq_sigmund, uniq_grinder, uniq_crazy_yiuf_cottage,
          uniq_purgy

Skill      XL: |  1  2  3 |
---------------+----------+-----
Conjurations   | 2 3 |  3.7
Dodging        | |  1.7
Stealth        | |  1.7
Spellcasting   | |  3.7
Summonings     | |  1.0
Translocations | |  0.8

Action                   |  1- 3 |  4- 6 || total
-------------------------+-------+-------++-------
Melee: Dagger            |    52 |     2 ||    54
       Quarterstaff      |       |     1 ||     1
 Cast: Magic Dart        |   107 |    66 ||   173
       Mephitic Cloud    |       |     1 ||     1
  Use: Potion            |       |     1 ||     1
 Stab: Sleeping          |     1 |       ||     1
  Eat: Chunk             |     2 |     4 ||     6
Armor: Robe              |    10 |     5 ||    15
Dodge: Dodged            |    55 |    13 ||    68

Table legend:
 A = Spawn XP
 B = Non-spawn XP
 C = Spawn XP percentage of total XP
 D = Spawn monster count
 E = Non-spawn monster count
 F = Spawn count percentage of total count
 G = Total turns spent on level
                    A         B        C        D         E        F      G
               +---------+---------+-------+---------+---------+-------+---------
         Total |       0 |     155 |   0.0 |       0 |      66 |   0.0 |  3006
               +---------+---------+-------+---------+---------+-------+---------
           D:1 |       0 |      19 |   0.0 |       0 |      10 |   0.0 |   868
           D:2 |       0 |      80 |   0.0 |       0 |      34 |   0.0 |  1671
           D:3 |       0 |      56 |   0.0 |       0 |      22 |   0.0 |   467
               +---------+---------+-------+---------+---------+-------+---------
